 Dungeon Crawl Stone Soup version 0.31.0-11-ge490571c62 (webtiles) character file.

Game seed: 5112430112343993891

451 Strat the Ruffian (level 6, 0/46 HPs)
             Began as a Demigod Shapeshifter on Feb 1, 2024.
             Slain by Ijyb
             ... wielding a +1 dagger of electrocution
              (3 damage)
             ... on level 5 of the Dungeon.
             The game lasted 00:05:39 (4613 turns).

Strat the Ruffian (Demigod Shapeshifter)            Turns: 4613, Time: 00:05:40

Health: 0/46       AC:  5    Str: 23    XL:     6   Next: 45%
Magic:  8/8        EV:  8    Int: 12    God:
Gold:   240        SH:  0    Dex: 19    Spells: 5/5 levels left

rFire   . .          .
                       - Unarmed
rCold   . . .        (no shield)
rNeg    . . .        w - +0 ring mail
rPois   .            (helmet currently unavailable)
rElec   .            j - melded +0 cloak
rCorr   +            (gloves currently unavailable)
SInv    .            (boots currently unavailable)
Will    .....        (no amulet)
Stlth   +            h - ring of resist corrosion
HPRegen 0.27/turn    y - +6 ring of dexterity
MPRegen 0.11/turn

%: no passive effects
@: brilliant, beast-form, grasped by roots, constricted
A: beast (slay +2), high MP 1, forlorn, divine attributes
a: Begin Untransformation


You were on level 5 of the Dungeon.
You were a hulking beast.
You visited 1 branch of the dungeon, and saw 5 of its levels.

You collected 240 gold pieces.

Inventory:

Missiles
 z - 2 curare-tipped darts (quivered)
Armour
 a - a +0 animal skin
 j - a +0 cloak (melded)
 w - a +0 ring mail (worn)
 C - a +0 hat
Jewellery
 h - a ring of resist corrosion (left hand)
 y - a +6 ring of dexterity (right hand)
Talismans
 c - a beast talisman (active)
 d - a flux talisman
Scrolls
 e - 3 scrolls of amnesia {unknown}
 f - 2 scrolls of poison {unknown}
 k - a scroll of fog {unknown}
 l - 3 scrolls of identify {unknown}
 m - 2 scrolls of enchant weapon {unknown}
 n - a scroll of silence {unknown}
 o - a scroll of teleportation {unknown}
 r - a scroll of butterflies {unknown}
 u - a scroll of noise {unknown}
 v - 2 scrolls of revelation {unknown}
 x - a scroll of vulnerability {unknown}
 D - a scroll of torment {unknown}
Potions
 b - 2 potions of lignification
 g - a potion of brilliance
 i - 2 potions of cancellation {unknown}
 p - 3 potions of curing
 q - 2 potions of haste {unknown}
 s - a potion of enlightenment {unknown}
 t - a potion of mutation {unknown}
 A - a potion of attraction {unknown}
 B - a potion of invisibility {unknown}


   Skills:
 - Level 0.8 Fighting
 - Level 1.7 Dodging
 * Level 5.9 Unarmed Combat
 + Level 4.3 Shapeshifting


You had 5 spell levels left.
You didn't know any spells.
Your spell library contained the following spells:

 Spells                   Type           Power      Damage    Failure   Level
 Ensorcelled Hibernation  Hex/Ice        0%         N/A       63%         2
 Fugue of the Fallen      Necr           0%         N/A       85%         3
 Anguish                  Hex/Necr       0%         N/A       99%         4


Dungeon Overview and Level Annotations

Branches:
Dungeon (5/15)
 Temple: D:4-7

Shops:
D:1 !((

Annotations:
D:2 1 runed translucent door, Crazy Yiuf
D:5 Grinder, Ijyb


Innate Abilities, Weirdness & Mutations

You are a hulking beast.
Your limbs bulge with bestial killing power. (Slay +2)
You have an increased reservoir of magic. (+10% MP)
You shall have no god before yourself.
Your divine heritage dramatically boosts your attributes as you level up.


Message History

The grasping roots grab you! The grasping roots constrict you.
Unknown command.
You escape the roots grasp.
Ijyb hits you but does no damage.
You are electrocuted!
* * * LOW HITPOINT WARNING * * *
You hit Ijyb.
Ijyb is moderately wounded.
Ijyb barely misses you.
You hit Ijyb but do no damage.
Ijyb is moderately wounded.
Ijyb hits you with a +1 dagger of electrocution.
* * * LOW HITPOINT WARNING * * *
You closely miss Ijyb.
Ijyb is moderately wounded.
Ijyb zaps a wand.
The roots erupt in riotous growth!
The grasping roots grab you!
Ijyb is unaffected.
The grasping roots constrict you.
* * * LOW HITPOINT WARNING * * *
Grinder blinks!
It was a potion of brilliance.
You feel clever all of a sudden. Grinder hits you.
* * * LOW HITPOINT WARNING * * *
Ijyb hits you with a +1 dagger of electrocution.
* * * LOW HITPOINT WARNING * * *
You are electrocuted!
* * * LOW HITPOINT WARNING * * *
The grasping roots constrict you.
* * * LOW HITPOINT WARNING * * *
It was a potion of curing.
You feel better. Grinder hits you but does no damage.
Ijyb hits you with a +1 dagger of electrocution.
* * * LOW HITPOINT WARNING * * *
The grasping roots constrict you.
* * * LOW HITPOINT WARNING * * *
You punch Ijyb!
Ijyb is heavily wounded.
Ijyb hits you with a +1 dagger of electrocution.
You die...

##.## ##......###.>.#
#..#####...........#
##.....#...........##
#..................#
##..........######..##
### ##..........#
##..###
..###...........##
###....#####
.......#######..g#
##........... ##.....#
#..h###......#......
#....##
#..5#.....#..######.
#.....#
#......####..## ##
#..##### #####..#
##..# ## #..# #..##
#..#####. ...# #...#
##....... ..## ##..#
###....... ..#
#..###...##....
.########
######........##....


You could see Grinder and Ijyb.

Vanquished Creatures
  A sky beast (D:5)
  A scorpion (D:5)
  A bombardier beetle (D:4)
  An orc priest (D:4)
  3 orc wizards
  6 adders
  A shadow imp (D:5)
  A white imp (D:5)
  A ribbon worm (D:2)
  A dart slug (D:1)
  12 orcs
  4 endoplasms
  2 giant cockroaches
  2 goblins (D:1)
  9 hobgoblins
  15 jackals
  2 quokkas
  10 ball pythons
  5 bats
  2 frilled lizards (D:1)
  6 kobolds
  2 rats
88 creatures vanquished.

Notes
Turn   | Place    | Note
-------+----------+-------------------------------------------
     0 | D:1      | Strat the Demigod Shapeshifter began the quest for the Orb.
     0 | D:1      | Reached XP level 1. HP: 15/15 MP: 3/3
    43 | D:1      | Found Botteuss's General Store.
    70 | D:1      | Found Vuepieroitt's Distillery.
    92 | D:1      | Reached skill level 3 in Unarmed Combat
   201 | D:1      | Reached XP level 2. HP: 22/22 MP: 4/4
   207 | D:1      | Found Copelitt's Weapon Boutique.
   385 | D:1      | Found Ylonoa's Antique Weapon Shoppe.
   989 | D:2      | Reached XP level 3. HP: 19/27 MP: 5/5
  1285 | D:2      | Found a runed translucent door.
  1286 | D:2      | Noticed Crazy Yiuf
  1756 | D:2      | Reached skill level 4 in Unarmed Combat
  2245 | D:3      | Reached XP level 4. HP: 25/34 MP: 6/6
  3304 | D:4      | Reached XP level 5. HP: 36/39 MP: 7/7
  3324 | D:4      | Reached skill level 5 in Unarmed Combat
  3866 | D:5      | Entered Level 5 of the Dungeon
  4014 | D:5      | Reached XP level 6. HP: 27/46 MP: 8/8
  4181 | D:5      | HP: 2/46 [something (5)]
  4586 | D:5      | Noticed Grinder
  4590 | D:5      | Paralysed by Grinder for 4 turns
  4605 | D:5      | Noticed Ijyb
  4611 | D:5      | HP: 1/46 [constriction (3)]
  4613 | D:5      | Slain by Ijyb

Illustrated notes

Levels and vault maps discovered:
D:1:      dpeg_arrival_brainrot, layout_basic, serial_shops, shop,
          nicolae_shop_temple_entry_statues_fountains, shop, shop,
          corexii_hall_statues_x, minivault_4, minmay_misc_feat_ornament,
          minmay_door_square
D:2:      layout_loops_corners, hellmonk_ecumenical_altar_arch_garden,
          uniq_crazy_yiuf_cottage
D:3:      layout_rooms, mainiacjoe_overflow_paths,
          minmay_randomly_rotated_circles
D:4:      layout_basic, serial_glass, glass_columns_b, glass_columns_c,
          dreamdust_princess_corridor
D:5:      layout_layer_cave, kennysheep_doodads, nicolae_elevator_lobby_plus,
          uniq_grinder, uniq_ijyb

Skill      XL: |  1  2  3  4  5 |
---------------+----------------+-----
Unarmed Combat | 3 4 5 |  5.9
Shapeshifting  | 3 4 |  4.3
Fighting       | |  0.8
Dodging        | |  1.7

Action                     |  1- 3 |  4- 6 || total
---------------------------+-------+-------++-------
  Melee: Unarmed           |   131 |   142 ||   273
         Punch             |     6 |     3 ||     9
Ability: Begin Untransform |     1 |       ||     1
    Use: Potion            |       |     2 ||     2
   Stab: Sleeping          |     2 |       ||     2
 Armour: Animal skin       |    59 |    20 ||    79
         Ring mail         |       |    62 ||    62
  Dodge: Dodged            |    81 |    64 ||   145
   Form: Beast             |     1 |       ||     1
